 Dungeon Crawl Stone Soup version 0.31-a0-321-g19405a7a6a (webtiles) character file.

Game seed: 15937376270077569179

21 lunkers the Insei (level 3, 0/43 HPs)
             Began as a Meteoran Shapeshifter on July 17, 2023.
             Succumbed to an adder's poison
             ... on level 2 of the Dungeon.
             The game lasted 00:01:09 (295 turns).

lunkers the Insei (Meteoran Shapeshifter)            Turns: 295, Time: 00:01:10

Health: 0/43       AC: 21    Str: 14 (16) XL:     3   Next: 20%
Magic:  4/4        EV:  2    Int: 14 (16) God:
Gold:   74         SH:  0    Dex: 15 (16) Spells: 2/2 levels left

rFire   . .          .
                       - Unarmed
rCold   . . .        (no shield)
rNeg    . . .        a - melded +0 animal skin
rPois   +            (helmet currently unavailable)
rElec   .            (cloak currently unavailable)
rCorr   .            (gloves currently unavailable)
SInv    .            (boots currently unavailable)
Will    +....        (no amulet)
Stlth   +            d - +6 ring of intelligence
HPRegen 0.27/turn    (no ring)
MPRegen 0.09/turn

%: no passive effects
@: lethally poisoned (0 -> -3), tree-form (expiring), enlightened, glowing
A: stationary, stasis, torment immunity, boosted hp, sense surroundings 1,
otherworldly, glowing, explore regen
a: no special abilities


You were on level 2 of the Dungeon.
You were a tree.
You visited 1 branch of the dungeon, and saw 2 of its levels.

You collected 74 gold pieces.

Inventory:

Armour
 a - a +0 animal skin (melded)
 j - a +2 helmet
Jewellery
 d - a +6 ring of intelligence (left branch)
Talismans
 c - a beast talisman
Scrolls
 g - a scroll of vulnerability {unknown}
 h - 2 scrolls of noise {unknown}
 i - a scroll of revelation {unknown}


   Skills:
 - Level 2.1 Fighting
 - Level 2.4 Dodging
 + Level 4.0 Unarmed Combat
 - Level 3.6 Shapeshifting


You had 2 spell levels left.
You didn't know any spells.
Your spell library was empty.

Dungeon Overview and Level Annotations

Branches:
Dungeon (2/15) Zot: 905

Altars:

Shops:
D:2 =


Innate Abilities, Weirdness & Mutations

You are a tree.
Your roots penetrate the ground, keeping you stationary.
You cannot be teleported.
You are immune to unholy pain and torment.
Your maximum health is greatly increased.
Your equipment is partially melded.
You passively map a small area around you.
You are easily found by Zot.
You glow in the dark.
You regain HP and MP as you explore.


Message History

It was a potion of curing.
You feel better. The adder bites you but does no damage.
Unknown command.
You hit the adder but do no damage.
The adder is severely wounded.
The adder bites you but does no damage.
You hit the adder.
The adder is almost dead.
The adder bites you.
* * * LOW HITPOINT WARNING * * *
You hit the adder but do no damage.
The adder is almost dead.
The adder bites you.
* * * LOW HITPOINT WARNING * * *
You are lethally poisoned!
The adder poisons you! The adder bites you.
* * * LOW HITPOINT WARNING * * *
You hit the adder.
You kill the adder!
* * * LOW HITPOINT WARNING * * *
You feel sick.
Your Unarmed Combat skill increases to level 4!
You have reached level 3!
Your experience leads to an increase in your attributes!
Your base attributes are Str 16, Int 9, Dex 14.
Increase (S)trength, (I)ntelligence, or (D)exterity?
You feel agile. x2; You feel clever.
Okay, then.
Unknown command.
You have 74 gold pieces.
There is a lethal amount of poison in your body!
Unknown command.
It was a potion of enlightenment.
Your roots keep you in place.
* * * LOW HITPOINT WARNING * * *
You feel sick.
It was a potion of degeneration.
There was something very wrong with that liquid.
You feel weakened.
You feel dopey.
You feel clumsy.
Your transformation is almost over.
You die...

.... ## * , , #. #......
#.##.....#### *
#####......#....,, #
#..........)...# * ,
#.#...........##.## , ,
##.#...............+, .
................####....
.............)..♣....#*
.......................#
......∩......###.....###
.............# #.....# *
, ........###### #..#.##
, , ........#, * #..#.#
.....#.## #..#,# ,
†....#.# , ,...#
.....#.. ,


There were no monsters in sight!

Vanquished Creatures
  An adder (D:2)
  2 bats (D:1)
  2 endoplasms
  A goblin (D:1)
  A hobgoblin (D:1)
  A kobold (D:2)
  2 ball pythons
  2 rats (D:1)
12 creatures vanquished.

Notes
Turn   | Place    | Note
-------+----------+-------------------------------------------
     0 | D:1      | lunkers the Meteoran Shapeshifter began the quest for the
                  | Orb.
     0 | D:1      | Reached XP level 1. HP: 17/17 MP: 2/2
   112 | D:1      | Reached skill level 3 in Unarmed Combat
   112 | D:1      | Reached XP level 2. HP: 20/24 MP: 3/3
   145 | D:1      | Found a faded altar of an unknown god.
   241 | D:2      | Found Nouseveh's Jewellery Boutique.
   288 | D:2      | HP: 1/36 [poisoned by an adder]
   293 | D:2      | HP: 1/36 [poisoned by an adder]
   294 | D:2      | Reached skill level 4 in Unarmed Combat
   294 | D:2      | Reached XP level 3. HP: 2/29 MP: 4/4
   295 | D:2      | Succumbed to an adder's poison

Illustrated notes

Levels and vault maps discovered:
D:1:      dpeg_arrival_connections, layout_basic, serial_rivers,
          chequers_serial_rivers_micro_c, chequers_serial_rivers_small_b,
          chequers_serial_rivers_small_a, chequers_serial_rivers_marsh,
          chequers_serial_rivers_small_a,
          hellmonk_ecumenical_altar_leap_of_faith, minmay_pentomino_q4
D:2:      layout_basic, basic_altar, serial_shops, shop, shop, shop,
          minmay_misc_feat_five

Skill      XL: |  1  2 |
---------------+-------+-----
Unarmed Combat | 3 4 |  4.0
Fighting       | |  2.1
Dodging        | |  2.4
Shapeshifting  | |  3.6

Action                     || total
---------------------------++-------
  Melee: Unarmed           ||    28
         Punch             ||     1
    Use: Potion            ||     4
 Armour: Animal skin       ||     9
         Skin              ||     5
  Dodge: Dodged            ||    15

Table legend: (Time is in decaauts)
 A = Elapsed time spent in this place.
 B = Non-inter-level travel time spent in this place.
 C = Inter-level travel time spent in this place.
 D = Time resting spent in this place.
 E = Time spent auto-exploring this place.
 F = Levels seen in this place.
 G = Mean time per level.
                   A        B        C        D        E       F      G
               +--------+--------+--------+--------+--------+-----+--------+
         Total |    294 |    294 |      0 |      0 |    172 |   2 |  147.0 |
       Dungeon |    294 |    294 |      0 |      0 |    172 |   2 |  147.0 |
               +--------+--------+--------+--------+--------+-----+--------+

Top non-repeatable levels by time:
     D:1: 223 daAuts
     D:2: 71 daAuts
